 Dungeon Crawl Stone Soup version 0.27-a0-998-g4cfe56dd59 (webtiles) character file.

Game seed: 5518362249335222520

4 Lugonue the Caller (level 1, -2/10 HPs)
             Began as a Kobold Summoner on Apr 16, 2021.
             Frozen to death by an endoplasm (5 damage)
             ... on level 1 of the Dungeon.
             The game lasted 00:00:32 (303 turns).

Lugonue the Caller (Kobold Summoner)                 Turns: 303, Time: 00:00:32

Health: -2/10      AC:  2    Str:  5    XL:     1   Next: 66%
Magic:  1/3        EV: 15    Int: 16    God:
Gold:   38         SH:  0    Dex: 15    Spells: 3/4 levels left

rFire    + . .     SeeInvis .   c - staff of fire
rCold    . . .     Faith    .   (shield currently unavailable)
rNeg     . . .     Spirit   .   a - +0 robe
rPois    .         Reflect  .   (no helmet)
rElec    .         Harm     .   (no cloak)
rCorr    .         Rampage  .   (no gloves)
Will     .....                  (no boots)
Stlth    +++.......             (no amulet)
HPRegen  0.03/turn              (no ring)
MPRegen  0.08/turn              (no ring)

@: no status effects
A: small, no large weapons, nightstalker 3
a: no special abilities


You were on level 1 of the Dungeon.
You visited 1 branch of the dungeon, and saw 1 of its levels.

You collected 38 gold pieces.

Inventory:

Armour
 a - a +0 robe (worn)
Magical Staves
 c - a staff of fire (weapon)
Potions
 b - a potion of attraction {unknown}


   Skills:
 + Level 2.4 Dodging
 + Level 2.6 Stealth
 + Level 2.1 Spellcasting
 + Level 4.2 Summonings


You had 3 spell levels left.
You knew the following spells:

 Your Spells              Type           Power      Damage    Failure   Level
a - Summon Small Mammal   Summ           60%        N/A       3%          1

Your spell library contained the following spells:

 Spells                   Type           Power      Damage    Failure   Level
 Call Imp                 Summ           15%        N/A       5%          2
 Call Canine Familiar     Summ           15%        N/A       11%         3
 Summon Guardian Golem    Hex/Summ       8%         N/A       26%         3
 Summon Ice Beast         Ice/Summ       8%         N/A       65%         4
 Summon Lightning Spire   Summ/Air       8%         N/A       65%         4


Dungeon Overview and Level Annotations

Branches:
Dungeon (1/15)

Altars:


Innate Abilities, Weirdness & Mutations

You are small and have problems with some larger weapons.
You are completely attuned to the shadows.


Message History

Your bat misses the quokka. Your bat hits the quokka.
Your bat closely misses the quokka.
The quokka completely misses your bat.
Your quokka bites the quokka.
Your bat hits the quokka.
The quokka dies!
You swap places.
You now have 38 gold pieces (gained 9).
Your quokka disappears in a puff of smoke!
Your bat disappears in a puff of smoke!
Found a long jewelled staff.
An endoplasm comes into view.
An endoplasm is nearby!
You see here a staff of fire.
You see here a staff of fire.
c - a staff of fire
c - a staff of fire (weapon)
An endoplasm is nearby!
An endoplasm is nearby!
An endoplasm is nearby!
A giant cockroach comes into view.
The helpless endoplasm fails to defend itself.
You hit the endoplasm but do no damage. The endoplasm freezes you.
You are frozen.
You hit the endoplasm.
The endoplasm is severely wounded.
The endoplasm freezes you.
You are frozen.
Ouch! That really hurt!
The giant cockroach bites you.
* * * LOW HITPOINT WARNING * * *
Casting: Summon Small Mammal (safe; 3% risk of failure)
Confirm with . or Enter, or press ? or * to list all spells.
The endoplasm closely misses you.
Casting: Summon Small Mammal (safe; 3% risk of failure)
Confirm with . or Enter, or press ? or * to list all spells.
The endoplasm freezes you.
You are frozen.
Ouch! That really hurt!
You die...

##................##........#
..................##........#
#.................##........#
#.................##........#
#...........†..........######
##...#.#............####
#..##............#####
##.###............# #.. ...#
#..##......@b##..#
...###..#........Jr..#
...##.....##.....#B#..#
##......#.# ..####.# .#
....#...... .......# #
###........ .....# ##.......
...... ....... .......
......##


You could see an endoplasm (ally target), a giant cockroach, a friendly quokka
(summoned) and a friendly bat (summoned).

Vanquished Creatures
  A bat (D:1)
1 creature vanquished.

Vanquished Creatures (collateral kills)
  A hobgoblin (D:1)
  A quokka (D:1)
  A bat (D:1)
  A kobold (D:1)
4 creatures vanquished.

Grand Total: 5 creatures vanquished

Notes
Turn   | Place    | Note
-------+----------+-------------------------------------------
     0 | D:1      | Lugonue the Kobold Summoner began the quest for the Orb.
     0 | D:1      | Reached XP level 1. HP: 10/10 MP: 3/3
   303 | D:1      | Frozen to death by an endoplasm

Illustrated notes

Levels and vault maps discovered:
D:1:      minmay_arrival_shattered_statue, layout_rooms, solitary_fountain

Action                   || total
-------------------------++-------
Melee: Unarmed           ||     6
       Staff             ||     2
 Cast: Summon Small Mamm ||    11
 Stab: Sleeping          ||     1
Armor: Robe              ||     1
Dodge: Dodged            ||    16

Table legend: (Time is in decaauts)
 A = Elapsed time spent in this place.
 B = Non-inter-level travel time spent in this place.
 C = Inter-level travel time spent in this place.
 D = Time resting spent in this place.
 E = Time spent auto-exploring this place.
 F = Levels seen in this place.
 G = Mean time per level.
                   A        B        C        D        E       F      G
               +--------+--------+--------+--------+--------+-----+--------+
         Total |    302 |    302 |      0 |      0 |    216 |   1 |  302.0 |
       Dungeon |    302 |    302 |      0 |      0 |    216 |   1 |  302.0 |
               +--------+--------+--------+--------+--------+-----+--------+

Top non-repeatable levels by time:
     D:1: 302 daAuts
